 Dungeon Crawl Stone Soup version 0.31-a0-37-g98a128e1d9 (webtiles) character file.

Game seed: 3375748750512632589

11381 funkygono the Cleaver (level 11, -6/102 HPs)
             Began as a Minotaur Fighter on May 14, 2023.
             Was a Believer of Okawaru.
             Mangled by a komodo dragon (22 damage)
             ... on level 2 of the Lair of Beasts on May 15, 2023.
             The game lasted 00:19:29 (11037 turns).

funkygono the Cleaver (Minotaur Fighter)           Turns: 11037, Time: 00:19:29

Health: -6/102     AC: 15    Str: 24    XL:     11   Next: 48%
Magic:  0/10       EV:  6    Int:  5    God:    Okawaru [**....]
Gold:   100        SH: 15    Dex: 11    Spells: 10/10 levels left

rFire   . . .        a - +3 war axe
rCold   + . .        I - +0 tower shield
rNeg    . . .        M - +5 plate armour {rC+}
rPois   .            (helmet restricted)
rElec   .            A - +1 cloak
rCorr   .            n - +1 pair of gloves
SInv    .            h - +1 pair of boots
Will    .....        K - amulet of guardian spirit Stlth
                     c - ring of wizardry
HPRegen 0.37/turn    N - +4 ring of protection
MPRegen 0.12/turn

%: guardian spirit, wizardry (x1)
@: corroded, studying Fighting
A: horns 2, retaliatory headbutt
a: Renounce Religion, Heroism


You were on level 2 of the Lair of Beasts.
You worshipped Okawaru.
Okawaru was pleased with you.
You visited 3 branches of the dungeon, and saw 13 of its levels.
You also visited: Ossuary.

You collected 694 gold pieces.
You spent 594 gold pieces at shops.

Inventory:

Hand Weapons
 a - a +3 war axe (weapon)
Missiles
 i - 3 boomerangs of dispersal
 B - 12 boomerangs (quivered)
Armour
 b - +0 fire dragon scales
 h - a +1 pair of boots (worn)
 n - a +1 pair of gloves (worn)
 A - a +1 cloak (worn)
 I - a +0 tower shield (worn)
 M - a +5 plate armour of cold resistance (worn)
Jewellery
 c - a ring of wizardry (left hand)
 w - a ring of ice
 K - an amulet of guardian spirit (around neck)
 N - a +4 ring of protection (right hand)
Wands
 g - a wand of mindburst (23)
 o - a wand of flame (10)
 r - a wand of paralysis (5)
 t - a wand of iceblast (19)
 E - a wand of acid (3)
 L - a wand of digging (6)
Scrolls
 f - 10 scrolls of teleportation
 m - 2 scrolls of fear
 p - 3 scrolls of fog
 q - a scroll of amnesia
 y - 2 scrolls of magic mapping
 D - 4 scrolls of identify
 J - a scroll of silence
Potions
 d - 3 potions of might
 e - 5 potions of curing
 j - 3 potions of invisibility
 k - 2 potions of mutation
 s - a potion of haste
 u - 2 potions of flight
 z - a potion of heal wounds
 F - 2 potions of cancellation


   Skills:
 + Level 11.2 Fighting
 + Level 14.2 Axes
 + Level 10.5 Armour
 + Level 4.8 Dodging
 + Level 1.3 Stealth
 + Level 9.0 Shields
 + Level 1.2 Invocations


You had 10 spell levels left.
You didn't know any spells.
Your spell library contained the following spells:

 Spells                   Type           Power      Damage    Failure   Level
 Apportation              Tloc           0%         N/A       100%        1
 Magic Dart               Conj           0%         1d3       100%        1
 Shock                    Conj/Air       0%         1d3       100%        1
 Cigotuvi's Dreadful Rot  Necr/Pois/Air  0%         N/A       100%        2
 Mephitic Cloud           Conj/Pois/Air  0%         N/A       100%        3
 Swiftness                Air            0%         N/A       100%        3
 Airstrike                Air            0%         2d(0-16)  100%        4
 Dispel Undead            Necr           0%         3d6       100%        4
 Alistair's Intoxication  Tmut/Pois      0%         N/A       100%        5
 Orb of Destruction       Conj           0%         9d5       100%        7
 Call Imp                 Summ           Unusable   N/A       N/A         2
 Summon Guardian Golem    Hex/Summ       Unusable   N/A       N/A         3
 Death Channel            Necr           Unusable   N/A       N/A         6
 Spellforged Servitor     Conj/Summ      Unusable   N/A       N/A         7

Dungeon Overview and Level Annotations

Branches:
Dungeon (10/15)            Temple (1/1) D:6            Lair (2/5) D:10
Ossuary (visited)
  Swamp: Lair:2-3    Shoals: Lair:2-3     Snake: Lair:2-3    Spider: Lair:2-3
    Orc: D:9-12

Altars:
Ashenzari
Cheibriados
Dithmenos
Elyvilon
Fedhas
Gozag
Hepliaklqana
Kikubaaqudgha
Makhleb
Nemelex Xobeh
Okawaru
Qazlal
Ru
Sif Muna
Trog
Uskayaw
Vehumet
Wu Jian
Xom
Yredelemnul
Zin
The Shining One

Shops:
D:1 :   D:3 [*!   D:10 :[=

Annotations:
D:6 3 runed translucent doors, Reshi88's ghost, novice SpHu
D:10 6 transporters
Lair:2 exclusion: oklob plant


Innate Abilities, Weirdness & Mutations

You have a pair of horns on your head.
You reflexively headbutt those who attack you in melee.


Message History

The oklob plant is moderately damaged.
You slash the oklob plant!
The oklob plant is moderately damaged.
You hit the komodo dragon. You block the komodo dragon's attack.
You hit the oklob plant but do no damage.
The oklob plant is moderately damaged.
You hit the komodo dragon. The komodo dragon bites you!!
You hit the oklob plant but do no damage.
The oklob plant is moderately damaged.
You hit the komodo dragon but do no damage.
The komodo dragon bites you!
You hit the oklob plant but do no damage.
The oklob plant is moderately damaged.
You hit the komodo dragon but do no damage.
The komodo dragon bites you but does no damage.
The oklob plant spits acid at you. You block the splash of acid.
You slice the oklob plant!! You headbutt the oklob plant.
The oklob plant is severely damaged.
You slash the komodo dragon!
The komodo dragon bites you but does no damage.
The oklob plant spits acid at you.
The splash of acid hits you but does no damage.
The acid corrodes you!
You hit the oklob plant but do no damage.
The oklob plant is severely damaged.
You hit the komodo dragon. The komodo dragon bites you!!
* * * LOW HITPOINT WARNING * * *
The oklob plant spits acid at you. The splash of acid hits you!
* * * LOW HITPOINT WARNING * * *
Okay, then.
You feel much better. The komodo dragon bites you!
* * * LOW HITPOINT WARNING * * *
Unknown command.
You hit the oklob plant but do no damage.
The oklob plant is severely damaged.
You hit the komodo dragon but do no damage.
The komodo dragon bites you!!
You die...

...............
...............
...............
................
................
................
.......lP.......
........@.......
................
................
........>.......
..P....<<<....P.
........>.......
..).............
................
................


You could see an oklob plant and a komodo dragon.

Vanquished Creatures
  A boulder beetle (Lair:1)
  Pikel (D:4)
  A black mamba (Lair:1)
  Joseph (Lair:1)
  3 cane toads (Lair:1)
  A kobold demonologist (D:9)
  3 komodo dragons
  2 trolls (D:9)
  A hornet (D:8)
  A shadow (D:9)
  9 yaks (Lair:1)
  A wraith (D:10)
  A basilisk (Lair:1)
  A vampire (D:10)
  3 wyverns
  An acid dragon (D:10)
  Edmund (D:6)
  7 water moccasins
  An ice beast (D:6)
  A black bear (D:6)
  5 orc warriors
  2 sky beasts
  An ogre (D:5)
  3 centaurs
  3 phantoms
  A kobold brigand (D:9)
  A gnoll sergeant (D:9)
  13 bullfrogs
  A scorpion (D:6)
  5 howler monkeys
  3 jellies
  3 centaur zombies (Ossuary)
  5 orc priests
  A hound (D:6)
  A gnoll bouda (D:9)
  4 sleepcaps
  3 iguanas
  Crazy Yiuf (D:4)
  Natasha (thrice) (D:2)
  7 orc wizards
  4 mummies (Ossuary)
  12 gnolls
  9 adders
  A shadow imp (D:5)
  2 ufetubi (D:6)
  3 worms
  2 dart slugs
  37 orcs
  10 ball pythons
  7 endoplasms
  4 giant cockroaches
  12 goblins
  8 hobgoblins
  6 jackals
  4 quokkas
  5 bats
  3 frilled lizards
  5 hobgoblin zombies (Ossuary)
  12 kobolds
  6 rats
259 creatures vanquished.

Notes
Turn   | Place    | Note
-------+----------+-------------------------------------------
     0 | D:1      | funkygono the Minotaur Fighter began the quest for the Orb.
     0 | D:1      | Reached XP level 1. HP: 19/19 MP: 0/0
   179 | D:1      | Reached XP level 2. HP: 16/27 MP: 1/1
   229 | D:1      | Found Antus's Book Boutique.
   522 | D:1      | Reached XP level 3. HP: 34/34 MP: 2/2
   813 | D:2      | Noticed Natasha
   819 | D:2      | Killed Natasha
   820 | D:2      | Reached skill level 3 in Axes
   820 | D:2      | Reached XP level 4. HP: 41/41 MP: 3/3
   853 | D:2      | Reached skill level 5 in Fighting
  1005 | D:2      | Noticed Natasha
  1024 | D:2      | Killed Natasha
  1026 | D:2      | Noticed Natasha
  1046 | D:2      | HP: 2/42 [Natasha (7)]
  1047 | D:2      | Killed Natasha
  1228 | D:2      | Reached XP level 5. HP: 48/48 MP: 4/4
  1282 | D:2      | Found a faded altar of an unknown god.
  1618 | D:3      | Reached skill level 4 in Axes
  1663 | D:3      | Found Cupnaex's Armour Shoppe.
  1671 | D:3      | Bought a +1 pair of gloves for 126 gold pieces
  1771 | D:3      | Found Owyrisui's Distillery.
  1883 | D:3      | Found Soamuonu's General Store.
  2216 | D:4      | Reached skill level 5 in Axes
  2216 | D:4      | Reached XP level 6. HP: 48/56 MP: 5/5
  2317 | D:4      | Identified the staff of fire "Loduwim" {rPois rF+ Will+
                  | Dex-5}
  2363 | D:4      | Reached skill level 1 in Dodging
  2480 | D:4      | Found a white marble altar of Elyvilon.
  2528 | D:4      | Noticed Pikel
  2545 | D:4      | Killed Pikel
  2546 | D:4      | Reached skill level 6 in Axes
  2546 | D:4      | Reached skill level 5 in Armour
  2546 | D:4      | Reached XP level 7. HP: 59/63 MP: 6/6
  2749 | D:4      | Found a runed translucent door.
  2750 | D:4      | Noticed Crazy Yiuf
  2814 | D:4      | Killed Crazy Yiuf
  2898 | D:5      | Entered Level 5 of the Dungeon
  2922 | D:5      | Reached skill level 7 in Axes
  3030 | D:5      | Reached XP level 8. HP: 62/71 MP: 7/7
  3193 | D:5      | Identified the +6 dagger of Perfectionism {heavy, rPois
                  | Str+3 Int+2}
  3347 | D:5      | Reached skill level 8 in Axes
  3359 | D:5      | Identified the +7 flail "Quut" {vamp, rF+ Will++ rCorr
                  | Dex+3}
  3514 | D:5      | Found a stormy altar of Qazlal.
  3515 | D:5      | Noticed an air elemental
  3961 | D:6      | Found a staircase to the Ecumenical Temple.
  3987 | D:6      | Reached skill level 5 in Shields
  3997 | Temple   | Entered the Ecumenical Temple
  4300 | D:6      | Reached skill level 9 in Axes
  4344 | D:6      | Noticed Edmund
  4617 | D:6      | Killed Edmund
  4618 | D:6      | Reached XP level 9. HP: 74/79 MP: 8/8
  4923 | D:6      | Found a runed translucent gate.
  4923 | D:6      | Found a runed translucent gate.
  4923 | D:6      | Found a runed translucent gate.
  4924 | D:6      | Found an opulent altar of Gozag.
  4925 | D:6      | Noticed Reshi88's ghost (novice SpHu)
  4925 | D:6      | Noticed a green ugly thing
  5009 | D:6      | Reached skill level 10 in Axes
  5329 | D:6      | Identified a scroll of acquirement
  5329 | D:6      | Acquired a manual of Fighting
  5388 | D:7      | Reached skill level 1 in Stealth
  5918 | D:7      | Reached skill level 11 in Axes
  6124 | D:8      | Found an iron altar of Okawaru.
  6126 | D:8      | Found a hide-covered altar of Uskayaw.
  6128 | D:8      | Found a hazy altar of Hepliaklqana.
  6140 | D:8      | Became a worshipper of Warmaster Okawaru
  6164 | D:8      | You fall into a shaft and drop 1 floor!
  6581 | D:9      | Noticed a kobold demonologist
  6588 | D:9      | Killed a kobold demonologist
  6588 | D:9      | Reached * piety under Okawaru
  6589 | D:9      | Reached XP level 10. HP: 90/90 MP: 9/9
  6684 | D:8      | Found a sand-covered staircase.
  6689 | Ossuary  | Entered an ossuary
  7034 | D:8      | Found a shimmering blue altar of Sif Muna.
  7034 | D:8      | Found a burning altar of Makhleb.
  7757 | D:9      | Reached skill level 12 in Axes
  8398 | D:10     | Entered Level 10 of the Dungeon
  8400 | D:10     | Found a transporter.
  8472 | D:10     | Found a transporter.
  8491 | D:10     | Found a transporter.
  8505 | D:10     | Found a broken altar of Ashenzari.
  8717 | D:10     | Found a transporter.
  8807 | D:10     | Found a transporter.
  8813 | D:10     | Found a transporter.
  8873 | D:10     | Found Owoesk's Book Shoppe.
  8920 | D:10     | Found Jaty Aly's Jewellery Shoppe.
  9105 | D:10     | Found a staircase to the Lair.
  9133 | D:10     | Found Ziacaugg's Antique Armour Emporium.
  9225 | D:10     | Bought a +4 ring of protection for 468 gold pieces
  9307 | Lair:1   | Entered Level 1 of the Lair of Beasts
  9324 | Lair:1   | Reached skill level 13 in Axes
  9329 | Lair:1   | Reached ** piety under Okawaru
  9347 | Lair:1   | Noticed a boulder beetle
  9382 | Lair:1   | Killed a boulder beetle
  9383 | Lair:1   | Reached skill level 10 in Fighting
  9584 | Lair:1   | Noticed a cane toad
  9594 | Lair:1   | Killed a cane toad
  9595 | Lair:1   | Reached XP level 11. HP: 89/99 MP: 6/10
  9631 | Lair:1   | Noticed Joseph
  9644 | Lair:1   | Killed Joseph
  9645 | Lair:1   | Reached skill level 1 in Invocations
  9659 | Lair:1   | Reached skill level 10 in Armour
  9969 | Lair:1   | Reached skill level 14 in Axes
 10876 | Lair:2   | Noticed an oklob plant
 11035 | Lair:2   | HP: 4/102 [oklob plant/splash of acid (15)]
 11037 | Lair:2   | Mangled by a komodo dragon

Illustrated notes

Levels and vault maps discovered:
D:1:      tarquinn_simple_flora_water_f, layout_basic, serial_shops,
          nicolae_shop_behind_doors, st_stairs_7
D:2:      layout_rooms, dreamdust_ecumenical_altar_statues, uniq_natasha
D:3:      minmay_spotlight, layout_rooms, serial_shops, shop, shop,
          nicolae_shop_trees
D:4:      layout_rooms, nicolae_elyvilon_peaceful_grove,
          chequers_serial_rivers_small_a, hex_medium, minmay_close_crescents,
          uniq_pikel, uniq_crazy_yiuf_cottage
D:5:      layout_loops_corners, nicolae_qazlal_style_of_elements
D:6:      layout_rooms, minmay_temple_entry_glass, ebering_ghost_gozag,
          minmay_joined_circles, uniq_edmund
D:7:      layout_basic
D:8:      layout_loops_corners, gammafunk_temple_overflow_elements,
          grunt_temple_overflow_open, enter_ossuary_2, minmay_misc_feat_roman,
          chequers_hall_statues_corner_a
D:9:      layout_grid_maze, grunt_ministairs_13
D:10:     layout_rooms, mainiacjoe_overflow_surrounded_room, lair_entry_dummy,
          serial_shops, nicolae_shop_rolling_square, shop, shop,
          minivault_25_ag, serial_nicolae_subway, nicolae_sub_station_metal,
          nicolae_sub_station_stone, nicolae_sub_station_crystal
Temple:   minmay_temple_curvy_branch
Lair:1:   layout_loops_ring, lemuel_fruit_fields, grunt_megastairs_1,
          serial_bayou_shore_b, uniq_joseph
Lair:2:   dpeg_oklob_shooting_range, layout_regular_city,
          minmay_swamp_entry_swarm, nicolae_snake_entry_squirm, st_stairs_13

Skill      XL: |  1  2  3  4  5  6  7  8  9 10 11 |
---------------+----------------------------------+-----
Fighting       | 4 5 6 7 8 10 11 | 11.2
Armour         | 4 5 6 7 8 9 10 | 10.5
Axes           | 3 5 6 7 9 11 13 14 | 14.2
Shields        | 4 5 6 8 9 |  9.0
Dodging        | 1 2 3 4 |  4.8
Stealth        | 1 |  1.3
Invocations    | 1 |  1.2

Action                     |  1- 3 |  4- 6 |  7- 9 | 10-12 || total
---------------------------+-------+-------+-------+-------++-------
  Melee: War axe           |    56 |   134 |   240 |   281 ||   711
         Headbutt          |     7 |    21 |    56 |    77 ||   161
 Invoke: Heroism           |       |       |       |    17 ||    17
    Use: Scroll            |     2 |     9 |    15 |     8 ||    34
         Potion            |       |       |       |     1 ||     1
 Armour: Scale mail        |    24 |    87 |    37 |       ||   148
         Fire dragon scale |       |       |    98 |    74 ||   172
         Plate armour      |       |       |       |    73 ||    73
  Dodge: Dodged            |    32 |    76 |   131 |    81 ||   320
  Block: Buckler           |    15 |    32 |    68 |     9 ||   124
         Tower shield      |       |       |       |   176 ||   176

Table legend: (Time is in decaauts)
 A = Elapsed time spent in this place.
 B = Non-inter-level travel time spent in this place.
 C = Inter-level travel time spent in this place.
 D = Time resting spent in this place.
 E = Time spent auto-exploring this place.
 F = Levels seen in this place.
 G = Mean time per level.
                   A        B        C        D        E       F      G
               +--------+--------+--------+--------+--------+-----+--------+
         Total |  11118 |  10553 |    565 |     33 |   8392 |  14 |  794.1 |
       Dungeon |   9040 |   8501 |    539 |     33 |   6672 |  10 |  904.0 |
        Temple |    252 |    247 |      5 |      0 |    246 |   1 |  252.0 |
          Lair |   1726 |   1706 |     20 |      0 |   1423 |   2 |  863.0 |
       Ossuary |     99 |     99 |      0 |      0 |     51 |   1 |   99.0 |
               +--------+--------+--------+--------+--------+-----+--------+

Top non-repeatable levels by time:
  Lair:1: 1702 daAuts
     D:9: 1269 daAuts
     D:5: 1202 daAuts
     D:6: 986 daAuts
     D:8: 920 daAuts
    D:10: 907 daAuts
     D:1: 823 daAuts
     D:2: 764 daAuts
     D:7: 755 daAuts
     D:4: 754 daAuts
     D:3: 657 daAuts
  Temple: 252 daAuts
 Ossuary: 99 daAuts
  Lair:2: 23 daAuts
